 Dungeon Sprint DCSS version 0.17-a0-1685-g57e755e (webtiles) character file.

452 Kidiri the Covert (level 6, 0/28 HPs)
             Began as a Spriggan Enchanter on Aug 19, 2015.
             Was an Initiate of Dithmenos.
             Slain by a wizard
             ... wielding a +0 dagger
              (6 damage)
             ... in the Dungeon (Sprint III: "The Ten Rune Challenge").
             The game lasted 00:02:18 (550 turns).

Kidiri the Covert (Spriggan Enchanter)               Turns: 550, Time: 00:02:18

Health: 0/28       AC:  5    Str:  4    XL:     6   Next: 75%
Magic:  13/18      EV: 26    Int: 17    God:    Dithmenos [......]
Gold:   40         SH:  0    Dex: 18    Spells: 5 memorised, 9 levels left

rFire  . . .     SeeInvis +     a - +1 dagger
rCold  . . .     Clarity  .     b - +1 robe
rNeg   . . .     SustAt   .     (shield restricted)
rPois  .         Gourm    .     (helmet restricted)
rElec  .         Spirit   .     (no cloak)
rCorr  .         Warding  .     (gloves unavailable)
rMut   .         NoTele   +     (boots unavailable)
MR     +....                    (no amulet)
Stlth  ++++++....               (no ring)
                                (no ring)

@: very quick, somewhat resistant to hostile enchantments, very stealthy
A: unfitting armour, thin metallic scales 1, see invisible, deterioration 1,
herbivore 3, speed 3, slow metabolism 2
a: Renounce Religion


You were in the Dungeon.
You worshipped Dithmenos.
Dithmenos was noncommittal.
You were not hungry.

You visited 1 branch You collected 40 gold pieces.

Inventory:

Hand weapons
 a - a +1 dagger (weapon)
Armour
 b - a +1 robe (worn)
Scrolls
 j - 2 scrolls of blinking
 n - 3 scrolls of remove curse
Potions
 e - a potion of curing
 g - a potion of haste
 h - 2 potions of magic
 k - a potion of ambrosia
 q - 4 potions of flight
Comestibles
 d - 2 bread rations
 o - 3 royal jellies


   Skills:
 + Level 5.2 Short Blades
 * Level 10.0 Dodging
 * Level 11.3 Stealth
 * Level 8.4 Spellcasting
 + Level 2.2 Conjurations
 + Level 6.8 Hexes
 + Level 3.3 Ice Magic
 + Level 0.0 Invocations


You had 9 spell levels left.
You knew the following spells:

 Your Spells              Type           Power        Failure   Level  Hunger
a - Corona                Hex            ####...      1%          1    None
b - Ensorcelled Hibernat  Hex/Ice        ###...       1%          2    None
c - Confuse               Hex            ####....     1%          3    #......
d - Tukima's Dance        Hex            ####....     1%          3    #......
e - Dazzling Spray        Conj/Hex       ###.....     6%          3    #......


Dungeon Overview and Level Annotations

Branches:
Dungeon (1/1)

Altars:
Dithmenos
Gozag
Kikubaaqudgha
Makhleb
Nemelex Xobeh
Qazlal
Ru
Sif Muna
Vehumet
Xom
Jiyva
Lugonu


Innate Abilities, Weirdness & Mutations

You are tiny and cannot use many weapons and most armour.
You have supernaturally acute eyesight.
You are a herbivore.
You cover ground extremely quickly.
You need consume almost no food.
You are partially covered in thin metallic scales (AC +2).
Your body sometimes deteriorates upon taking damage.


Message History

The kobold demonologist hits you with an enchanted dagger.
The wizard hits you with a dagger.
* * * LOW HITPOINT WARNING * * *
The orange demon stings you but does no damage.
You can move again.
Unknown command.
Casting: Dazzling Spray
Confirm with . or Enter, or press ? or * to list all spells.
Aiming: Dazzling Spray
Press: ? - help, Shift-Dir - straight line, f/p - wizard
Aim: a wizard, wielding a dagger and wearing a robe (moderately wounded, fast, blind)
The spray of energy hits the wizard.
The wizard is severely wounded.
The wizard is dazzled.
The spray of energy hits the kobold demonologist.
The kobold demonologist is moderately wounded.
The kobold demonologist is dazzled.
The wizard misses you.
The kobold demonologist hits you but does no damage.
The wizard hits you with a dagger.
You die...

.#......#####..#
##.......#..#..#
.##.##...#:.#..###+#+###+##
.##.###..##+#..#..........#
####.##..###...'.⌠........#
##..##..####...#...######+#
....##..###....#.⌠.#__#...#
#..##[..##.....#...#__#...#
..##....#..%...#@###__#...#
.###..##.#.....#Kp:#__#...+
.# #..#####....#__4#_.+...#
▓▓ ▓▓▓▓ ▓▓▓▓▓▓▓▓▓▓▓▓▓▓▓▓▓


You could see an orange demon, a wizard (blind) and a kobold demonologist
(blind).

Vanquished Creatures
  A shadow (D)
  A spatial vortex (D)
  A water elemental (D)
  A jelly (D)
  Jessica (D)
  A wolf (D)
  A human (D)
  An ooze (D)
  2 rats (D)
10 creatures vanquished.

Vanquished Creatures (others)
  2 draconian scorchers (D)
  A hydra (D)
  A yaktaur (D)
  3 plants (D)
7 creatures vanquished.

Grand Total: 17 creatures vanquished

Notes
Turn   | Place    | Note
--------------------------------------------------------------
     0 | D        | Kidiri the Spriggan Enchanter began the quest for the Orb.
     0 | D        | Reached XP level 1. HP: 9/9 MP: 5/5
     9 | D        | Reached skill level 5 in Stealth
    44 | D        | Noticed Jessica
    48 | D        | Killed Jessica
    48 | D        | Reached skill level 5 in Dodging
    48 | D        | Reached skill level 6 in Stealth
    48 | D        | Reached XP level 2. HP: 13/13 MP: 6/8
    48 | D        | Reached XP level 3. HP: 16/16 MP: 6/9
    55 | D        | Learned a level 2 spell: Ensorcelled Hibernation
    59 | D        | Learned a level 3 spell: Confuse
    63 | D        | Learned a level 3 spell: Tukima's Dance
    78 | D        | Noticed a wolf
    83 | D        | Killed a wolf
    83 | D        | Reached skill level 7 in Stealth
   142 | D        | Killed a yaktaur
   175 | D        | Reached skill level 5 in Spellcasting
   175 | D        | Reached skill level 1 in Ice Magic
   175 | D        | Reached XP level 4. HP: 21/21 MP: 2/12
   182 | D        | Killed a white draconian scorcher
   196 | D        | Gained mutation: You are weak. (Str -2) [potion of mutation]
   196 | D        | Gained mutation: You are clumsy. (Dex -2) [potion of mutation]
   196 | D        | Killed a white draconian scorcher
   197 | D        | Lost mutation: You are clumsy. (Dex -2) [potion of cure mutation]
   197 | D        | Lost mutation: You are weak. (Str -2) [potion of cure mutation]
   198 | D        | Gained mutation: Your body sometimes deteriorates upon taking damage. [potion of mutation]
   198 | D        | Gained mutation: You are partially covered in thin metallic scales (AC +2). [potion of mutation]
   206 | D        | Noticed a water elemental
   220 | D        | Killed a water elemental
   220 | D        | Reached skill level 8 in Stealth
   220 | D        | Reached skill level 5 in Hexes
   239 | D        | Learned a level 3 spell: Dazzling Spray
   336 | D        | Noticed a jelly
   337 | D        | Noticed a shadow
   339 | D        | Killed a shadow
   339 | D        | Reached skill level 9 in Dodging
   339 | D        | Reached skill level 10 in Stealth
   339 | D        | Reached skill level 1 in Conjurations
   339 | D        | Reached XP level 5. HP: 24/24 MP: 14/16
   339 | D        | Reached XP level 6. HP: 28/28 MP: 14/17
   344 | D        | Killed a jelly
   375 | D        | Killed a seven-headed hydra
   512 | D        | Found a stormy altar of Qazlal.
   513 | D        | Found a sacrificial altar of Ru.
   513 | D        | Found a burning altar of Makhleb.
   513 | D        | Found a viscous altar of Jiyva.
   513 | D        | Found a shimmering altar of Xom.
   513 | D        | Found a shadowy altar of Dithmenos.
   513 | D        | Found a sparkling altar of Nemelex Xobeh.
   513 | D        | Found a corrupted altar of Lugonu.
   513 | D        | Found an opulent altar of Gozag.
   513 | D        | Noticed a spatial vortex
   514 | D        | Killed a spatial vortex
   514 | D        | Reached skill level 5 in Short Blades
   514 | D        | Reached skill level 10 in Dodging
   514 | D        | Reached skill level 11 in Stealth
   518 | D        | Became a worshipper of Dithmenos the Shadowed
   543 | D        | Found a radiant altar of Vehumet.
   544 | D        | Found a deep blue altar of Sif Muna.
   544 | D        | Found an ancient bone altar of Kikubaaqudgha.
   544 | D        | Noticed a wizard
   545 | D        | Paralysed by a wizard for 5 turns
   548 | D        | Noticed an orange demon
   550 | D        | Slain by a wizard

Vault maps used:
D:        dungeon_sprint_mu

Action                   |  1- 3 |  4- 6 || total
-------------------------+-------+-------++-------
Melee: Dagger            |     7 |    12 ||    19
 Cast: Ensorcelled Hiber |     8 |     2 ||    10
       Dazzling Spray    |       |     2 ||     2
  Use: Potion            |       |     6 ||     6
       Scroll            |       |     3 ||     3
 Stab: Sleeping          |     5 |     3 ||     8
